 Dungeon Crawl Stone Soup version 0.26-a0-651-gb41185065b (webtiles) character file.

Game seed: 15133796654468722326

91 Irenicus the Digger (level 4, -3/36 HPs)
             Began as a Deep Dwarf Earth Elementalist on Oct 6, 2020.
             Slain by a gnoll
             ... wielding a +0 flail
              (9 damage)
             ... on level 3 of the Dungeon.
             The game lasted 00:06:53 (1221 turns).

Irenicus the Digger (Deep Dwarf Earth Elementalist) Turns: 1221, Time: 00:06:54

Health: -3/36      AC:  3    Str: 11    XL:     4   Next: 34%
Magic:  0/7        EV: 12    Int: 17    God:
Gold:   120        SH:  0    Dex: 13    Spells: 4/7 levels left

rFire    . . .     SeeInvis .   r - +1 hand axe (elec)
rCold    . . .     Faith    .   (no shield)
rNeg     . . .     Spirit   .   f - +0 leather armour
rPois    .         Reflect  .   (no helmet)
rElec    .         Harm     .   (no cloak)
rCorr    .         Rampage  .   (no gloves)
MR       .....                  (no boots)
Stlth    ++........             (no amulet)
HPRegen  0.00/turn              (no ring)
MPRegen  0.10/turn              (no ring)

@: non-regenerating
A: damage resistance, heal wounds, sense surroundings 1, no regeneration
a: Heal Wounds


You were on level 3 of the Dungeon.
You visited 1 branch of the dungeon, and saw 3 of its levels.

You collected 120 gold pieces.

Inventory:

Hand Weapons
 n - a +0 hand axe of electrocution
   (You took it off an orc on level 2 of the Dungeon)
 r - a +1 hand axe of electrocution (weapon)
   (You found it on level 2 of the Dungeon)
Missiles
 b - 47 stones (quivered)
 k - a throwing net {=f, !d}
Armour
 f - a +0 leather armour (worn)
   (You found it on level 1 of the Dungeon)
Scrolls
 a - a scroll of random uselessness {unknown}
 e - a scroll of teleportation {unknown}
 g - 2 scrolls of amnesia {unknown}
 h - 5 scrolls of identify {unknown}
 m - a scroll of noise {unknown}
 o - a scroll of fog {unknown}
 p - a scroll of fear {unknown}
Potions
 c - a potion of invisibility {unknown}
 d - a potion of brilliance {unknown}
 i - a potion of heal wounds {unknown}
 j - a potion of resistance {unknown}
 l - a potion of lignification {unknown}
 q - a potion of berserk rage {unknown}


   Skills:
 - Level 2.1 Dodging
 - Level 2.4 Stealth
 - Level 2.0 Spellcasting
 - Level 0.8 Transmutations
 + Level 6.7 Earth Magic


You had 4 spell levels left.
You knew the following spells:

 Your Spells              Type           Power        Failure   Level
a - Sandblast             Erth           ###...       1%          1
w - Passwall              Tmut/Erth      ##......     9%          2

Your spell library contained the following spells:

 Spells                   Type           Power        Failure   Level
 Stone Arrow              Conj/Erth      ##....       19%         3
 Petrify                  Tmut/Erth      ##......     47%         4
 Lee's Rapid Deconstruct  Erth           ###.......   41%         5


Dungeon Overview and Level Annotations

Branches:
Dungeon (3/15)

Altars:


Innate Abilities, Weirdness & Mutations

You are resistant to damage.
You can heal yourself by infusing magical energy.
You passively map a small area around you.
You do not regenerate.


Message History

A bat comes into view.
Casting: Passwall (safe; 9% risk of failure)
Confirm with . or Enter, or press ? or * to list all spells.
Okay, then.
The helpless bat fails to defend itself.
You hit the bat. Lightning courses through the bat!
You kill the bat!
There is a stone staircase leading down here.
You climb downwards.
A gnoll comes into view.
It is wielding a +2 whip of electrocution.
The gnoll moves out of view.
There is a stone staircase leading up here.
You enter the shallow water.
Moving in this stuff is going to be slow.
A gnoll comes into view. It is wielding a +0 spear.
The gnoll shouts! x2
A gnoll comes into view.
The gnoll moves out of view.
A gnoll comes into view. It is wielding a +0 flail.
Casting: Passwall (safe; 9% risk of failure)
Confirm with . or Enter, or press ? or * to list all spells.
Aiming: Sandblast (safe; 1% risk of failure)
Press: ? - help, Shift-Dir - straight line, f - gnoll
Aim: a gnoll, wielding a +2 whip of electrocution The blast of sand hits the gnoll.
The gnoll is moderately wounded.
b - 52 stones The gnoll shouts!
You now have 2/7 mp.
Casting: Sandblast (safe; 1% risk of failure)
Confirm with . or Enter, or press ? or * to list all spells.
Aiming: Sandblast (safe; 1% risk of failure)
Press: ? - help, Shift-Dir - straight line, f/p - gnoll
Aim: a gnoll, wielding a +2 whip of electrocution (black smoke, moderately wounded)
The blast of sand hits the gnoll!
You kill the gnoll!
You hear a splash.
b - 51 stones You now have 1/7 mp.
Casting: Sandblast (safe; 1% risk of failure)
Confirm with . or Enter, or press ? or * to list all spells.
Okay, then.
The gnoll shouts!
Casting: Sandblast (safe; 1% risk of failure)
Confirm with . or Enter, or press ? or * to list all spells.
Aiming: Sandblast (safe; 1% risk of failure)
Press: ? - help, Shift-Dir - straight line, f - gnoll
Aim: a gnoll, wielding a +0 spear The blast of sand misses the gnoll.
b - 50 stones You now have 1/7 mp.
Casting: Sandblast (safe; 1% risk of failure)
Confirm with . or Enter, or press ? or * to list all spells.
Aiming: Sandblast (safe; 1% risk of failure)
Press: ? - help, Shift-Dir - straight line, f/p - gnoll
Aim: a gnoll, wielding a +0 spear (black smoke)
The blast of sand hits the gnoll!
The gnoll is severely wounded.
b - 49 stones The gnoll barely misses you.
You now have 0/7 mp.
There is a stone staircase leading up here.
You open the door.
Casting: Sandblast (safe; 1% risk of failure)
Confirm with . or Enter, or press ? or * to list all spells.
Aiming: Sandblast (safe; 1% risk of failure)
Press: ? - help, Shift-Dir - straight line, f/p - gnoll
Aim: a gnoll, wielding a +0 spear (severely wounded)
The blast of sand hits the gnoll!
You kill the gnoll!
b - 48 stones You now have 0/7 mp.
There is an open door here.
You see here a scroll labeled OPSAOS VOFRU.
e - a scroll labeled OPSAOS VOFRU
Casting: Sandblast (safe; 1% risk of failure)
Confirm with . or Enter, or press ? or * to list all spells.
Aiming: Sandblast (safe; 1% risk of failure)
Press: ? - help, Shift-Dir - straight line, f - gnoll
Aim: a gnoll, wielding a +0 flail The blast of sand hits the gnoll!
The gnoll is almost dead.
b - 47 stones You now have 0/7 mp.
You barely miss the gnoll.
The gnoll is almost dead.
The gnoll hits you with a +0 flail.
You take 1 damage, and have 11/36 hp.
You barely miss the gnoll.
The gnoll is almost dead.
The gnoll hits you with a +0 flail!
* * * LOW HITPOINT WARNING * * *
You take 5 damage, and have 6/36 hp.
You hit the gnoll.
The gnoll is almost dead.
The gnoll barely misses you.
You closely miss the gnoll.
The gnoll is almost dead.
The gnoll hits you with a +0 flail!
You die...

### , #.. .. ,
#.##.##.# * *
#.##.##.# *
#.##.##.# ##+##
#.##.##.# ##...##
#.##.##.# ##.....#
#@##.##.###.......
#.g.g...##......P§
##.......'..)....≈
*##...####.....§§≈
*......##
##...§§§§ #.####.#
##..§.§§ * *..# *
##...§P .... ,
##+... , ##..##
.###


You could see 2 gnolls.

Vanquished Creatures
  A hound zombie (D:3)
  2 gnolls (D:3)
  An adder (D:2)
  An ooze (D:2)
  2 dart slugs (D:2)
  An orc (D:2)
  A ball python (D:2)
  6 goblins
  8 hobgoblins
  4 kobolds
  4 bats
  A frilled lizard (D:1)
  8 rats
40 creatures vanquished.

Notes
Turn   | Place    | Note
-------+----------+-------------------------------------------
     0 | D:1      | Irenicus the Deep Dwarf Earth Elementalist began the quest
                  | for the Orb.
     0 | D:1      | Reached XP level 1. HP: 15/15 MP: 3/3
    88 | D:1      | Reached skill level 2 in Spellcasting
   131 | D:1      | Reached XP level 2. HP: 22/22 MP: 1/5
   203 | D:1      | Learned a level 2 spell: Passwall
   430 | D:1      | Reached skill level 5 in Earth Magic
   697 | D:2      | Reached XP level 3. HP: 20/28 MP: 2/6
   920 | D:2      | Reached skill level 6 in Earth Magic
  1143 | D:2      | Reached XP level 4. HP: 12/36 MP: 4/7
  1219 | D:3      | HP: 6/36 [gnoll/+0 flail (5)]
  1221 | D:3      | Slain by a gnoll

Illustrated notes

Levels and vault maps discovered:
D:1:      eino_arrival_cavern_a, layout_loops_ring
D:2:      layout_basic
D:3:      layout_loops_corners, overflow_temple_1_default, serial_undead,
          serial_undead_e, serial_undead_f, serial_undead_c, serial_undead_b

Skill      XL: |  1  2  3 |
---------------+----------+-----
Spellcasting   | 2 |  2.0
Earth Magic    | 5 6 |  6.7
Dodging        | |  2.1
Stealth        | |  2.4
Transmutations | |  0.8

Action                   |  1- 3 |  4- 6 || total
-------------------------+-------+-------++-------
Melee: Hand axe          |    12 |     5 ||    17
       Whip              |     1 |       ||     1
 Cast: Sandblast         |    43 |     6 ||    49
       Passwall          |     7 |     2 ||     9
 Stab: Sleeping          |     2 |     1 ||     3
Armor: Leather armour    |     5 |       ||     5
Dodge: Dodged            |    18 |     2 ||    20

Table legend: (Time is in decaauts)
 A = Elapsed time spent in this place.
 B = Non-inter-level travel time spent in this place.
 C = Inter-level travel time spent in this place.
 D = Time resting spent in this place.
 E = Time spent auto-exploring this place.
 F = Levels seen in this place.
 G = Mean time per level.
                   A        B        C        D        E       F      G
               +--------+--------+--------+--------+--------+-----+--------+
         Total |   1225 |   1202 |     23 |      0 |      0 |   3 |  408.3 |
       Dungeon |   1225 |   1202 |     23 |      0 |      0 |   3 |  408.3 |
               +--------+--------+--------+--------+--------+-----+--------+

Top non-repeatable levels by time:
     D:2: 588 daAuts
     D:1: 587 daAuts
     D:3: 49 daAuts

Table legend:
 A = Kills in this place as a percentage of kills in entire the game.
 B = Kills by you in this place as a percentage of kills by you in the entire game.
 C = Kills by friends in this place as a percentage of kills by friends in the entire game.
 D = Other kills in this place as a percentage of other kills in the entire game.
 E = Experience gained in this place as a percentage of experience gained in the entire game.
 F = Experience gained in this place divided by the number of levels of this place that you have seen.
                   A       B       C       D       E      F
               +-------+-------+-------+-------+-------+----------------------
         Total | 100.0 | 100.0 |   N/A |   N/A | 100.0 |  43.7
       Dungeon | 100.0 | 100.0 |   N/A |   N/A | 100.0 |  43.7
               +-------+-------+-------+-------+-------+----------------------
